 Dungeon Crawl Stone Soup version 0.21-a0-39-g28ea6b7 (webtiles) character file.

8 TheGoonsmith the Caller (level 2, 19/19 HPs)
             Began as a Mummy Summoner on May 31, 2017.
             Quit the game on level 1 of the Dungeon.
             The game lasted 00:01:19 (343 turns).

TheGoonsmith the Caller (Mummy Summoner)             Turns: 343, Time: 00:01:20

Health: 19/19      AC:  4    Str: 11    XL:     2   Next: 0%
Magic:  2/5        EV: 12    Int: 14    God:
Gold:   48         SH:  0    Dex: 12    Spells: 5/6 levels left

rFire    x . .     SeeInvis .   (no weapon)
rCold    + . .     Gourm    .   (no shield)
rNeg     + + +     Faith    .   a - +0 robe
rPois    ∞         Spirit   .   (no helmet)
rElec    .         Reflect  .   d - +1 cloak
rCorr    .         Harm     .   (no gloves)
MR       .....                  (no boots)
Stlth    ++........             (no amulet)
Regen    0.1/turn               (no ring)
MPRegen  0.1/turn               (no ring)

@: no status effects
A: no food or potions, fire vulnerability, cold resistance 1, negative energy
resistance 3, torment resistance, unbreathing
a: no special abilities


You were on level 1 of the Dungeon.
You were not hungry.

You visited 1 branch of the dungeon, and saw 1 of its levels.

You collected 48 gold pieces.

Inventory:

Armour
 a - a +0 robe (worn)
 d - a +1 cloak (worn)
Jewellery
 c - an uncursed amulet of the gourmand {unknown}
Scrolls
 e - a scroll of teleportation {unknown}
 f - a scroll of identify {unknown}
 g - a scroll of remove curse {unknown}
Books
 b - a book of Callings

   Spells                             Type                      Level
   a - Summon Small Mammal            Summoning                    1
   b - Call Imp                       Summoning                    2
   c - Call Canine Familiar           Summoning                    3
   d - Summon Guardian Golem          Hexes/Summoning              3
   e - Summon Lightning Spire         Summoning/Air                4
   f - Summon Ice Beast               Ice/Summoning                4


   Skills:
 - Level 1.5 Dodging
 - Level 1.5 Stealth
 - Level 2.6 Spellcasting
 + Level 3.6 Summonings


You had 5 spell levels left.
You knew the following spells:

 Your Spells              Type           Power        Failure   Level  Hunger
a - Summon Small Mammal   Summ           ##..         4%          1    N/A

Dungeon Overview and Level Annotations

Branches:
Dungeon (1/15)

Altars:


Innate Abilities, Weirdness & Mutations

You do not eat or drink.
Your flesh is vulnerable to fire.
You are immune to poison.
Your flesh is cold resistant. (rC+)
You are immune to negative energy. (rN+++)
You are immune to unholy pain and torment.
You can survive without breathing.


Message History

Your quokka completely misses the dart slug.
Your rat bites the dart slug.
Your rat barely misses the dart slug.
The dart slug launches a dart at your rat.
The slug dart hits your rat.
Your rat dies!
Your rat's corpse disappears in a puff of smoke!
Your quokka bites the dart slug.
Your rat bites the dart slug.
Your quokka bites the dart slug.
The dart slug dies!
You have reached level 2!
You swap places.
You see here a dart slug corpse.
You butcher the dart slug corpse.
You see here 2 chunks of flesh.
A goblin comes into view.
You see here a scroll labeled MOHEVUMEIT.
A goblin is nearby!
Are you sure you want to abandon this character and quit the game? (Confirm with "yes".)
Okay, then.
Are you sure you want to abandon this character and quit the game? (Confirm with "yes".)

#.. ###...### #
#..## #...### #
#....
#######.### ..
#....##.......#
#..
#.....#######
#.. #.#..%..#
.. #.......#
#...##rr# #...
#.@#
............#
###
........####.#
#.. ####.... g.
.# ##.#. ... #
#.#. .. ## . ..
# ##. . ##..
##...


You could see a goblin (sleeping), a friendly quokka and a friendly rat.

Vanquished Creatures
  A giant cockroach (D:1)
  A goblin (D:1)
  A kobold (D:1)
  A rat (D:1)
4 creatures vanquished.

Vanquished Creatures (collateral kills)
  A dart slug (D:1)
  A kobold (D:1)
  A ball python (D:1)
  3 rats (D:1)
6 creatures vanquished.

Grand Total: 10 creatures vanquished

Notes
Turn   | Place    | Note
-------+----------+-------------------------------------------
     0 | D:1      | TheGoonsmith the Mummy Summoner began the quest for the Orb.
     0 | D:1      | Reached XP level 1. HP: 13/13 MP: 4/4
   336 | D:1      | Reached XP level 2. HP: 19/19 MP: 2/5
   343 | D:1      | Quit the game

Vault maps used:
D:1:      dpeg_arrival_central, xom_teletrap_fun

Action                   || total
-------------------------++-------
Melee: Unarmed           ||    19
 Cast: Summon Small Mamm ||    19
Armor: Robe              ||     5
Dodge: Dodged            ||    21
